 Dungeon Sprint DCSS version 0.20.1-1-g8b1a95d (console) character file.

888 hilaritas the Arsonist (level 7, -3/44 HPs)
             Began as a Deep Elf Fire Elementalist on Mar 27, 2018.
             Was a Priest of Vehumet.
             Slain by a jumping spider (19 damage)
             ... in the Dungeon (Sprint V: "Ziggurat Sprint").
             The game lasted 00:05:05 (535 turns).

hilaritas the Arsonist (Deep Elf Fire Elementalist)  Turns: 535, Time: 00:05:06

Health: -3/44      AC:  2    Str:  5    XL:     7   Next: 77%
Magic:  14/22      EV:  8    Int: 34    God:    Vehumet [***...]
Gold:   0          SH:  0    Dex: 15    Spells: 16/25 levels left

rFire    . . .     SeeInvis .   I - staff of energy
rCold    . . .     Gourm    .   j - +3 buckler
rNeg     . . .     Faith    +   a - +0 robe
rPois    .         Spirit   .   (no helmet)
rElec    .         Reflect  .   (no cloak)
rCorr    .         Harm     .   (no gloves)
MR       .....     NoTele   +   (no boots)
Stlth    ++........             P - amulet of faith
Regen    0.2/turn               D - +6 ring of intelligence
MPRegen  0.2/turn               E - +6 ring of intelligence

@: held
A: no striking features
a: Renounce Religion


You were in the Dungeon.
You worshipped Vehumet.
Vehumet was most pleased with you.
You were not hungry.

You visited 1 branch

Inventory:

Hand Weapons
 y - a +5 quick blade of freezing
Armour
 a - a +0 robe (worn)
 j - a +3 buckler (worn)
Magical Staves
 I - an uncursed staff of energy (weapon)
Jewellery
 B - a +6 ring of dexterity
 C - a +6 ring of dexterity
 D - a +6 ring of intelligence (left hand)
 E - a +6 ring of intelligence (right hand)
 F - a +6 ring of strength
 G - a +6 ring of strength
 H - an uncursed ring of flight
 P - an amulet of faith (around neck)
Wands
 J - a wand of disintegration (7/24)
 K - a wand of iceblast (5/15)
 L - a wand of lightning (5/15)
 M - a wand of acid (5/15)
Scrolls
 i - 4 scrolls of blinking
 q - 4 scrolls of amnesia
 r - 3 scrolls of recharging
 s - 7 scrolls of fog
 t - a scroll of holy word
 u - 5 scrolls of identify
 v - 5 scrolls of remove curse
 w - 2 scrolls of fear
Potions
 d - 10 potions of curing
 e - 10 potions of heal wounds
 f - 6 potions of haste
 g - 7 potions of magic
 h - 2 potions of berserk rage
 k - 2 potions of brilliance
 l - 2 potions of invisibility
 m - 4 potions of resistance
 o - 5 potions of agility
 p - 5 potions of might
Books
 b - a book of Flames

   Spells                             Type                      Level
   a - Flame Tongue                   Conjuration/Fire             1
   b - Throw Flame                    Conjuration/Fire             2
   c - Conjure Flame                  Conjuration/Fire             3
   d - Inner Flame                    Hexes/Fire                   3
   e - Sticky Flame                   Conjuration/Fire             4
   f - Fireball                       Conjuration/Fire             5
 n - the Volume of Aerial Orientation
   (You found it in the Dungeon)

   Spells                             Type                      Level
   a - Mephitic Cloud                 Conjuration/Poison/Air       3
   b - Silence                        Hexes/Air                    5
   c - Deflect Missiles               Charms/Air                   6
   d - Dispersal                      Translocation                6
Miscellaneous
 A - a lightning rod (4/4)
 N - 2 sacks of spiders
Comestibles
 c - 5 bread rations
 x - 42 fruits
 z - 4 meat rations
 O - 5 chunks of flesh


   Skills:
 * Level 5.5 Fighting
 + Level 6.9 Dodging
 - Level 2.4 Stealth
 - Level 4.2 Shields
 - Level 9.9 Spellcasting
 * Level 5.9 Conjurations
 + Level 11.9 Fire Magic


You had 16 spell levels left.
You knew the following spells:

 Your Spells              Type           Power        Failure   Level  Hunger
a - Flame Tongue          Conj/Fire      #####        1%          1    None
b - Throw Flame           Conj/Fire      ######       1%          2    None
c - Freeze                Ice            ###.         1%          1    None
d - Fireball              Conj/Fire      ######....   1%          5    None


Dungeon Overview and Level Annotations

Branches:
Dungeon (1/1)

Altars:
Ashenzari
Cheibriados
Dithmenos
Elyvilon
Fedhas
Gozag
Hepliaklqana
Kikubaaqudgha
Makhleb
Nemelex Xobeh
Okawaru
Qazlal
Ru
Sif Muna
Trog
Uskayaw
Vehumet
Xom
Yredelemnul
Zin
The Shining One
Beogh
Jiyva
Lugonu

Annotations:
D 1 transporter


Message History

The flame tongue hits the jumping spider.
The jumping spider is almost dead.
The jumping spider leaps!
The jumping spider pounces on you!
You are caught in a web!
The jumping spider bites you.
The jumping spider leaps! x2
Unknown command.
Casting: Flame Tongue
Confirm with . or Enter, or press ? or * to list all spells.
Aiming: Flame Tongue
Press: ? - help, Shift-Dir - straight line, f/p - jumping spider
Aim: a jumping spider (almost dead)
The flame tongue hits the jumping spider.
You kill the jumping spider!
Vehumet accepts your kill. The jumping spider pounces on you!
The jumping spider barely misses you.
Casting: Flame Tongue
Confirm with . or Enter, or press ? or * to list all spells.
You don't know that spell.
The jumping spider pounces on you!!
You die...

▓.....▓...).▓..†..▓
▓.....▓.....▓.....▓
▓..(..▓.....▓▓▓▓▓▓▓
▓▓▓▓▓▓▓▓▓▓▓▓▓▓
▓..8©8...▓
▓..:}}...▓
▓...)....▓
▓........▓
........▓
▓.▓....▓.▓
▓...@s...▓
▓▓▓▓▓▓▓▓▓▓


You could see a jumping spider.

Vanquished Creatures
  A jumping spider (D)
  A water moccasin (D)
  A phantom (D)
  4 centaurs (D)
  2 scorpions (D)
  A wight (D)
  A ball python (D)
  A jackal zombie (D)
12 creatures vanquished.

Vanquished Creatures (others)
  Erolcha (D)
  Ijyb (D)
2 creatures vanquished.

Grand Total: 14 creatures vanquished

Notes
Turn   | Place    | Note
-------+----------+-------------------------------------------
     0 | D        | hilaritas the Deep Elf Fire Elementalist began the quest for the Orb.
     0 | D        | Reached XP level 1. HP: 10/10 MP: 6/6
     0 | D        | Found a blossoming altar of Fedhas.
    10 | D        | Found a deep blue altar of Sif Muna.
    10 | D        | Found a sacrificial altar of Ru.
    10 | D        | Found a bloodstained altar of Trog.
    10 | D        | Found a stormy altar of Qazlal.
    10 | D        | Found an iron altar of Okawaru.
    10 | D        | Found a sparkling altar of Nemelex Xobeh.
    12 | D        | Found a transporter.
    12 | D        | Found an ancient bone altar of Kikubaaqudgha.
    12 | D        | Found a viscous altar of Jiyva.
    12 | D        | Found a corrupted altar of Lugonu.
    12 | D        | Found a hazy altar of Hepliaklqana.
    12 | D        | Found a burning altar of Makhleb.
    12 | D        | Found an opulent altar of Gozag.
    38 | D        | Killed Erolcha
    39 | D        | Became a worshipper of Vehumet
    40 | D        | Reached XP level 2. HP: 18/18 MP: 8/8
    44 | D        | Learned a level 2 spell: Throw Flame
    59 | D        | Entered arena 2.
    59 | D        | Noticed a water moccasin
    59 | D        | Found a transporter.
    65 | D        | Killed a water moccasin
    65 | D        | Reached skill level 7 in Fire Magic
    65 | D        | Reached XP level 3. HP: 16/22 MP: 2/9
    65 | D        | Reached XP level 4. HP: 20/27 MP: 2/10
    94 | D        | Identified the Volume of Aerial Orientation (You found it in the Dungeon)
    94 | D        | Identified the Volume of Aerial Orientation (You found it in the Dungeon)
   259 | D        | Entered arena 3.
   259 | D        | Noticed a phantom
   259 | D        | Found a transporter.
   263 | D        | Reached * piety under Vehumet
   263 | D        | Offered knowledge of Freeze by Vehumet.
   263 | D        | Reached XP level 5. HP: 31/31 MP: 2/16
   293 | D        | Killed a phantom
   299 | D        | Learned a level 1 spell: Freeze
   305 | D        | Learned a level 5 spell: Fireball
   395 | D        | Entered arena 4.
   395 | D        | Noticed a centaur
   395 | D        | Noticed a centaur
   395 | D        | Noticed a centaur
   395 | D        | Noticed a centaur
   395 | D        | Found a transporter.
   396 | D        | Killed a centaur
   396 | D        | Reached ** piety under Vehumet
   396 | D        | Offered knowledge of Shock by Vehumet.
   396 | D        | Reached skill level 5 in Dodging
   396 | D        | Reached skill level 8 in Fire Magic
   396 | D        | Reached XP level 6. HP: 37/37 MP: 14/20
   396 | D        | Identified the +6 trident "Gicoulas" {vamp, rF+ rC+ rN+ Str-4}
   397 | D        | Reached skill level 9 in Fire Magic
   397 | D        | Reached skill level 10 in Fire Magic
   398 | D        | Reached XP level 7. HP: 25/44 MP: 7/22
   407 | D        | Killed Ijyb
   529 | D        | Entered arena 5.
   529 | D        | Noticed a jumping spider
   529 | D        | Noticed a jumping spider
   529 | D        | Found a transporter.
   530 | D        | Offered knowledge of Dazzling Spray by Vehumet.
   530 | D        | Reached *** piety under Vehumet
   530 | D        | Reached skill level 11 in Fire Magic
   531 | D        | Reached skill level 5 in Fighting
   531 | D        | Reached skill level 5 in Conjurations
   533 | D        | Killed a jumping spider
   535 | D        | Slain by a jumping spider

Skill      XL: |  1  2  3  4  5  6  7 |
---------------+----------------------+-----
Fighting       | 2 3 4 5 |  5.5
Dodging        | 4 5 6 |  6.9
Shields        | 4 |  4.2
Conjurations   | 4 5 |  5.9
Fire Magic     | 7 8 10 11 | 11.9
Spellcasting   | 6 9 |  9.9
Stealth        | |  2.4

Action                   |  1- 3 |  4- 6 |  7- 9 || total
-------------------------+-------+-------+-------++-------
Melee: Quick blade       |       |     9 |       ||     9
       Staff             |       |     5 |       ||     5
 Cast: Flame Tongue      |     5 |     7 |     2 ||    14
       Throw Flame       |       |     5 |     1 ||     6
       Fireball          |       |     2 |     2 ||     4
Evoke: Staff of energy   |       |     1 |       ||     1
  Use: Potion            |     1 |     1 |       ||     2
       Scroll            |       |     1 |       ||     1
Armor: Robe              |       |     1 |       ||     1
Dodge: Dodged            |     9 |     9 |     4 ||    22
Block: Buckler           |     4 |     7 |     1 ||    12
